 Dungeon Crawl Stone Soup version 0.28-a0-595-g9f6c0e134a (webtiles) character file.

Game seed: 6044193085824858042

361 Shard1697 the Magician (level 6, -5/40 HPs)
             Began as a Djinni Ice Elementalist on Oct 4, 2021.
             Slain by an ogre (16 damage)
             ... on level 4 of the Dungeon.
             The game lasted 00:09:04 (4753 turns).

Shard1697 the Magician (Djinni Ice Elementalist)    Turns: 4753, Time: 00:09:05

Health: -5/40      AC:  8    Str:  7    XL:     6   Next: 99%
Gold:   174        EV: 11    Int: 19    God:
                   SH:  0    Dex: 13

rFire   + + .      SeeInvis .   a - +2 quarterstaff (chaos)
rCold   x . .      Faith    .   (shield currently unavailable)
rNeg    . . .      Spirit   .   g - +3 leather armour
rPois   ∞          Reflect  .   (no helmet)
rElec   .          Harm     .   n - +1 cloak
rCorr   .          Rampage  .   (no gloves)
Will    .....                   (boots unavailable)
Stlth   ++........              (no amulet)
HPRegen 0.13/turn               (no ring)
MPRegen 0.00/turn               (no ring)

@: flying
A: sickness immunity, fire resistance 2, cold vulnerability 1, float, innate
caster, hp casting, extra vitality 1
a: no special abilities


You were on level 4 of the Dungeon.
You visited 1 branch of the dungeon, and saw 4 of its levels.

You collected 174 gold pieces.

Inventory:

Hand Weapons
 a - a +2 quarterstaff of chaos (weapon)
Missiles
 p - 2 throwing nets
Armour
 g - a +3 leather armour (worn)
 n - a +1 cloak (worn)
Jewellery
 f - a ring of resist corrosion
Wands
 o - a wand of iceblast (8)
Scrolls
 b - a scroll of teleportation {unknown}
 c - 4 scrolls of identify
 d - a scroll of enchant weapon {unknown}
 e - a scroll of amnesia {unknown}
 h - a scroll of blinking {unknown}
 i - 2 scrolls of enchant armour
 k - a scroll of vulnerability {unknown}


   Skills:
 - Level 2.1 Dodging
 - Level 1.5 Stealth
 + Level 6.0 Spellcasting


You had 3 spell levels left.
You knew the following spells:

 Your Spells              Type           Power      Damage    Failure   Level
a - Freeze                Ice            100%       1d11      1%          1
b - Frozen Ramparts       Ice            56%        1d7       4%          3
c - Ozocubu's Armour      Ice            28%        N/A       4%          3
d - Hailstorm             Conj/Ice       28%        3d8       14%         4
e - Sting                 Tmut/Pois      100%       1d8       1%          1
f - Corpse Rot            Necr/Air       N/A        N/A       1%          2
Your spell library was empty.

Dungeon Overview and Level Annotations

Branches:
Dungeon (4/15)
 Temple: D:4-7

Altars:

Shops:
D:3 :

Annotations:
D:3 Grinder


Innate Abilities, Weirdness & Mutations

You are immune to sickness and miasma.
You are immune to poison.
Your flesh is very heat resistant. (rF++)
You are vulnerable to cold. (rC-)
You float through the air rather than walking.
You learn spells naturally, not from books.
Your magical power is your life essence.
You have superior vitality. (+4 HP)


Message History

Press: ? - help, Dir - look around, f - activate The walls around you are covered in ice.
The wall freezes the orc.
You kill the orc!
Okay, then.
You aren't carrying any potions.
Unknown command.
You aren't carrying any potions.
Okay, then.
Casting: Frozen Ramparts (dangerous; 4% risk of failure)
Confirm with . or Enter, or press ? or * to list all spells.
Okay, then.
The wall freezes something.
The wall freezes the orc.
The wall freezes something.
You hear some strange, mumbled words.
A puff of flame appears from out of thin air!
The puff of flame hits you. You resist.
The wall freezes the orc. x2
The wall freezes something!
Reactivating autopickup.
You feel a bit more experienced.
The wall freezes the orc.
You kill the orc!
Your Spellcasting skill increases to level 6!
The wall freezes the ogre.
The wall freezes the komodo dragon.
The komodo dragon seems to slow down.
The wall freezes the ogre!
The wall freezes the orc!
You kill the orc!
The wall freezes the komodo dragon!
Casting: Frozen Ramparts (dangerous; 4% risk of failure)
Confirm with . or Enter, or press ? or * to list all spells.
Okay, then.
Casting: Frozen Ramparts (dangerous; 4% risk of failure)
Confirm with . or Enter, or press ? or * to list all spells.
You smell decay.
The wall freezes the ogre!
The ogre hits you with a +0 giant club!
* * * LOW HITPOINT WARNING * * *
The wall freezes the black bear.
The wall freezes the komodo dragon.
You sock the ogre!
You feel better.
The ogre is almost dead.
The frozen ramparts melt away.
The ogre hits you with a +0 giant club!
You die...

#...# #...#
#$..#
#...#######.#.
#.o..l........
##h).Oh>......
#l#####......
###O# .....
##.#@#####......
#...☼§...... ...
##...#####.. ..
##..#### .
#.....# #..##.#
#..##.# ##..##.#
#...##.#


You could see a komodo dragon shaped shifter (slow), a black bear, an ogre and
an orc.

Vanquished Creatures
  A necrophage (D:2)
  A kobold brigand (D:4)
  A hound (D:3)
  Crazy Yiuf (D:3)
  An orc wizard (D:4)
  A hound skeleton (D:4)
  2 gnolls (D:4)
  An ufetubus (D:3)
  A worm (D:2)
  4 dart slugs
  4 orcs (D:4)
  2 endoplasms
  5 giant cockroaches
  3 hobgoblins
  12 kobolds
  A quokka (D:2)
  4 ball pythons
  3 bats
  3 frilled lizards
  8 goblins
  6 rats
65 creatures vanquished.

Vanquished Creatures (others)
  12 plants (D:4)
12 creatures vanquished.

Grand Total: 77 creatures vanquished

Notes
Turn   | Place    | Note
-------+----------+-------------------------------------------
     0 | D:1      | Shard1697 the Djinni Ice Elementalist began the quest for
                  | the Orb.
     0 | D:1      | Reached XP level 1. HP: 15/15 MP: 0/0
   242 | D:1      | Reached XP level 2. HP: 15/21 MP: 0/0
   928 | D:1      | Reached XP level 3. HP: 25/25 MP: 0/0
   928 | D:1      | Learned a level 1 spell: Sting
  1455 | D:1      | Reached skill level 4 in Spellcasting
  2246 | D:2      | Noticed a necrophage
  2881 | D:3      | Reached XP level 4. HP: 18/31 MP: 0/0
  3059 | D:3      | Found Xoarph's Book Shop.
  3089 | D:3      | Found a runed translucent door.
  3090 | D:3      | Noticed Crazy Yiuf
  3097 | D:3      | Killed Crazy Yiuf
  3226 | D:3      | Reached XP level 5. HP: 29/35 MP: 0/0
  3226 | D:3      | Learned a level 2 spell: Corpse Rot
  3477 | D:3      | Noticed Grinder
  3518 | D:2      | Killed a necrophage
  3519 | D:2      | Reached skill level 5 in Spellcasting
  3519 | D:2      | Reached XP level 6. HP: 38/40 MP: 0/0
  4037 | D:4      | Noticed a shapeshifter
  4037 | D:4      | a gnoll changed into a shapeshifter
  4037 | D:4      | Noticed a komodo dragon
  4037 | D:4      | a shapeshifter changed into a komodo dragon
  4039 | D:4      | HP: 2/40 [komodo dragon (shapeshifter) (25)]
  4068 | D:4      | Noticed a salamander
  4068 | D:4      | a komodo dragon changed into a salamander
  4385 | D:4      | Noticed a harpy
  4730 | D:4      | Noticed a fire crab
  4736 | D:4      | Noticed an ogre
  4736 | D:4      | Noticed a guardian serpent
  4737 | D:4      | Noticed a black bear
  4742 | D:4      | Noticed a komodo dragon
  4742 | D:4      | a guardian serpent changed into a komodo dragon
  4750 | D:4      | Reached skill level 6 in Spellcasting
  4753 | D:4      | Slain by an ogre

Illustrated notes

Levels and vault maps discovered:
D:1:      dpeg_arrival_three_same_balls, layout_basic,
          wander_ebering_terrifying_dragon_lair
D:2:      layout_loops_ring, item_on_display_a
D:3:      layout_rooms, serial_shops, shop, serial_aquarium,
          aquarium_bridge_island_small [aquarium_subvault_small_water,
          aquarium_subvault_wall, aquarium_subvault_bridge,
          aquarium_subvault_window, aquarium_subvault_bridge],
          aquarium_window_1, aquarium_window_fake, aquarium_window_2,
          aquarium_view_4, aquarium_view_2d, uniq_grinder,
          uniq_crazy_yiuf_cottage
D:4:      layout_loops_ring, nicolae_uskayaw_en_pointe, lexackson_kobold_supper

Skill      XL: |  1  2  3  4  5  6 |
---------------+-------------------+-----
Spellcasting   | 4 5 6 |  6.0
Dodging        | |  2.1
Stealth        | |  1.5

Action                   |  1- 3 |  4- 6 || total
-------------------------+-------+-------++-------
Melee: Unarmed           |     6 |       ||     6
       Short sword       |    56 |       ||    56
       Dagger            |     1 |       ||     1
       Quarterstaff      |       |    62 ||    62
 Cast: Freeze            |    31 |    12 ||    43
       Frozen Ramparts   |     2 |     4 ||     6
       Ozocubu's Armour  |     1 |       ||     1
       Corpse Rot        |       |     1 ||     1
  Use: Potion            |     3 |     4 ||     7
       Scroll            |       |     1 ||     1
 Stab: Sleeping          |     4 |     2 ||     6
Armor: Robe              |    12 |       ||    12
       Leather armour    |    11 |    34 ||    45
Dodge: Dodged            |    52 |    49 ||   101

Table legend: (Time is in decaauts)
 A = Elapsed time spent in this place.
 B = Non-inter-level travel time spent in this place.
 C = Inter-level travel time spent in this place.
 D = Time resting spent in this place.
 E = Time spent auto-exploring this place.
 F = Levels seen in this place.
 G = Mean time per level.
                   A        B        C        D        E       F      G
               +--------+--------+--------+--------+--------+-----+--------+
         Total |   4760 |   4638 |    122 |   1259 |   2603 |   4 | 1190.0 |
       Dungeon |   4760 |   4638 |    122 |   1259 |   2603 |   4 | 1190.0 |
               +--------+--------+--------+--------+--------+-----+--------+

Top non-repeatable levels by time:
     D:1: 1901 daAuts
     D:3: 1350 daAuts
     D:2: 949 daAuts
     D:4: 560 daAuts
